 Dungeon Crawl Stone Soup version 0.32-a0-361-g289a535e89 (webtiles) character file.

Game seed: 11771753167237581083

674 cforsyth the Trooper (level 7, 0/54 HPs)
             Began as a Djinni Fire Elementalist on Feb 18, 2024.
             Slain by a water moccasin zombie (5 damage)
             ... on level 5 of the Dungeon.
             The game lasted 00:05:19 (3773 turns).

cforsyth the Trooper (Djinni Fire Elementalist)     Turns: 3773, Time: 00:05:19

Health: 0/54       AC:  3    Str:  7    XL:     7   Next: 90%
Gold:   167        EV: 11    Int: 19    God:
                   SH:  0    Dex: 13

rFire   + + .        (no weapon)
rCold   . . .        (no shield)
rNeg    . . .        b - +0 leather armour of the Haunted God {Rampage rC+ Will+}
rPois   ∞            (no helmet)
rElec   .            (no cloak)
rCorr   .            (no gloves)
SInv    .            (boots unavailable)
Will    +....        (no amulet)
Stlth   ++           (no ring)
HPRegen 0.29/turn    (no ring)
MPRegen 0.00/turn

%: rampage, infuse magic (-1 HP)
@: flying
A: sickness immunity, fire resistance 2, cold vulnerability 1, float, innate
caster, HP casting, extra vitality 1
a: no special abilities


You were on level 5 of the Dungeon.
You visited 1 branch of the dungeon, and saw 5 of its levels.

You collected 195 gold pieces.
You spent 28 gold pieces at shops.


Innate Abilities, Weirdness & Mutations

You are immune to sickness and miasma.
You are immune to poison.
Your flesh is very heat resistant. (rF++)
You are vulnerable to cold. (rC-)
You float through the air rather than walking.
You learn spells naturally, not from books.
Your magical power is your life essence.
You have superior vitality. (+4 MHP)


   Skills:
 + Level 5.6 Fighting
 - Level 2.1 Dodging
 - Level 1.5 Stealth
 + Level 5.3 Spellcasting
 + Level 5.3 Conjurations
 + Level 5.3 Hexes
 + Level 5.3 Summonings
 + Level 5.3 Necromancy
 + Level 5.3 Translocations
 + Level 5.3 Fire Magic
 + Level 5.3 Ice Magic
 + Level 5.3 Air Magic
 + Level 5.3 Earth Magic
 + Level 5.3 Alchemy


You knew the following spells:

 Your Spells              Type           Power      Damage    Failure   Level
a - Hailstorm             Conj/Ice       25%        3d7       6%          3
f - Foxfire               Conj/Fire      100%       2x1d9     1%          1
r - Inner Flame           Hex/Fire       25%        N/A       6%          3
z - Shock                 Conj/Air       100%       1d9       1%          1
B - Blink                 Tloc           50%        N/A       3%          2
X - Scorch                Fire           50%        2d7       3%          2
Y - Volatile Blastmotes   Fire/Tloc      50%        2d14      6%          3
Z - Flame Wave            Conj/Fire      25%        2d8       21%         4
Your spell library was empty.

Inventory:

Armour
 b - the +0 leather armour of the Haunted God (worn) {Rampage rC+ Will+}
   (You found it on level 5 of the Dungeon)

   rC+:       It protects you from cold.
   Will+:     It increases your willpower.
   Rampage:   It bestows one free step when moving towards enemies.
Jewellery
 c - a ring of protection from cold
 C - a ring of ice
Scrolls
 h - 3 scrolls of enchant armour {unknown}
 i - a scroll of enchant weapon
Potions
 d - 3 potions of curing {@q1}
 g - a potion of enlightenment

Dungeon Overview and Level Annotations

Branches:
Dungeon (5/15)
 Temple: D:4-7

Altars:
Cheibriados
Dithmenos
Fedhas
Hepliaklqana
Qazlal

Shops:
D:3 ?

Annotations:
D:2 1 runed translucent door, Crazy Yiuf
D:4 1 runed translucent door, Strat's ghost, amateur DrMo

# #......>..... #
#............ .+
###............## #.#
.##.............## ...
.##..!.!.........# ...
.##.......[......##.#
###.....†...........# #
#.......!........##.## #
#<...........Z@...!$.. #
#.Z........##Z...##...
####.Z.######...#..#
.##Z[###...†..###.....
.##.###..#####......#..
..........!....##.#....#
..###..######### .#.....
#.# #.## ...?.# #.# #.#


You could see 2 water moccasin zombies.


Message History

* * * LOW HITPOINT WARNING * * *
The water moccasin zombie closely misses you.
Casting: Scorch (safe; 3% risk of failure)
Confirm with . or Enter, or press ? or * to list all spells.
Flames lash the water moccasin zombie.
The water moccasin zombie is burned terribly!
The water moccasin zombie is moderately damaged.
* * * LOW HITPOINT WARNING * * *
The water moccasin zombie bites you.
* * * LOW HITPOINT WARNING * * *
The water moccasin zombie bites you but does no damage.
The water moccasin zombie bites you.
* * * LOW HITPOINT WARNING * * *
Unknown command.
Casting: Scorch (safe; 3% risk of failure)
Confirm with . or Enter, or press ? or * to list all spells.
Flames lash the water moccasin zombie.
The water moccasin zombie is burned terribly!
You destroy the water moccasin zombie!
* * * LOW HITPOINT WARNING * * *
The water moccasin zombie closely misses you.
The water moccasin zombie misses you.
Casting: Scorch (safe; 3% risk of failure)
Confirm with . or Enter, or press ? or * to list all spells.
Flames lash the water moccasin zombie.
The water moccasin zombie is burned terribly!
The water moccasin zombie is severely damaged.
* * * LOW HITPOINT WARNING * * *
The water moccasin zombie bites you.
You die...

Skill      XL: |  1  2  3  4  5  6  7 |
---------------+----------------------+-----
Fighting       | 1 2 3 4 5 |  5.6
Spellcasting   | 4 5 |  5.3
Conjurations   | 4 5 |  5.3
Hexes          | 4 5 |  5.3
Summonings     | 4 5 |  5.3
Necromancy     | 4 5 |  5.3
Translocations | 4 5 |  5.3
Fire Magic     | 4 5 |  5.3
Ice Magic      | 4 5 |  5.3
Air Magic      | 4 5 |  5.3
Earth Magic    | 4 5 |  5.3
Alchemy        | 4 5 |  5.3
Dodging        | |  2.1
Stealth        | |  1.5

Action                     |  1- 3 |  4- 6 |  7- 9 || total
---------------------------+-------+-------+-------++-------
  Melee: Unarmed           |     2 |       |       ||     2
   Cast: Foxfire           |    62 |   171 |    71 ||   304
         Scorch            |       |     4 |    14 ||    18
    Use: Scroll            |       |       |     5 ||     5
         Potion            |       |       |     2 ||     2
 Armour: Robe              |     2 |     8 |     9 ||    19
         Leather armour    |       |       |    28 ||    28
  Dodge: Dodged            |     5 |    13 |    23 ||    41

Levels and vault maps discovered:
D:1:      minmay_arrival_shoal_huts, layout_basic, chequers_avenue,
          minmay_cupped
D:2:      layout_basic, basic_altar, uniq_crazy_yiuf_cottage
D:3:      layout_loops_ring, chequers_temple_overflow_minitemple, serial_shops,
          nicolae_shop_rolling_square, moated_statue, nicolae_half_adder
D:4:      layout_basic, ebering_ghost_inner_flame
D:5:      layout_rooms, amcnicky_altar_gilded, gup_sewer_entry_pipe,
          serial_undead, serial_undead_c, serial_undead_c, serial_undead_a,
          serial_undead_e, kennysheep_opposing_triangles, uniq_eustachio

Notes
Turn   | Place    | Note
-------+----------+-------------------------------------------
     0 | D:1      | cforsyth the Djinni Fire Elementalist began the quest for
                  | the Orb.
     0 | D:1      | cforsyth set off with the following spells memorised:
                  | Foxfire, Scorch, Volatile Blastmotes, Inner Flame, Flame
                  | Wave.
     0 | D:1      | Reached XP level 1. HP: 15/15 MP: 0/0
    85 | D:1      | Reached XP level 2. HP: 18/22 MP: 0/0
    89 | D:1      | Reached skill level 1 in Fighting
   302 | D:1      | Reached XP level 3. HP: 17/28 MP: 0/0
   302 | D:1      | Learned a level 1 spell: Shock
   360 | D:1      | Reached skill level 2 in Fighting
   650 | D:1      | Reached XP level 4. HP: 31/33 MP: 0/0
  1147 | D:2      | Noticed a phantom
  1157 | D:2      | Killed a phantom
  1158 | D:2      | Reached skill level 3 in Fighting
  1158 | D:2      | Reached skill level 4 in Spellcasting
  1158 | D:2      | Reached skill level 4 in Conjurations
  1158 | D:2      | Reached skill level 4 in Hexes
  1158 | D:2      | Reached skill level 4 in Summonings
  1158 | D:2      | Reached skill level 4 in Necromancy
  1158 | D:2      | Reached skill level 4 in Translocations
  1158 | D:2      | Reached skill level 4 in Fire Magic
  1158 | D:2      | Reached skill level 4 in Ice Magic
  1158 | D:2      | Reached skill level 4 in Air Magic
  1158 | D:2      | Reached skill level 4 in Earth Magic
  1158 | D:2      | Reached skill level 4 in Alchemy
  1158 | D:2      | Reached XP level 5. HP: 27/40 MP: 0/0
  1158 | D:2      | Learned a level 2 spell: Blink
  1482 | D:2      | Reached XP level 6. HP: 41/46 MP: 0/0
  1647 | D:2      | Found a hazy altar of Hepliaklqana.
  1915 | D:2      | Found a runed translucent door.
  1916 | D:2      | Noticed Crazy Yiuf
  2202 | D:3      | Found Elaf's Magic Scroll Emporium.
  2208 | D:3      | Bought a scroll of identify for 28 gold pieces
  2219 | D:3      | Reached skill level 4 in Fighting
  2754 | D:3      | Reached XP level 7. HP: 49/53 MP: 0/0
  2754 | D:3      | Learned a level 3 spell: Hailstorm
  3012 | D:3      | Found a shadowy altar of Dithmenos.
  3012 | D:3      | Found a stormy altar of Qazlal.
  3019 | D:3      | Found a blossoming altar of Fedhas.
  3021 | D:3      | Found a snail-covered altar of Cheibriados.
  3085 | D:4      | Found a runed translucent door.
  3088 | D:4      | Noticed Strat's ghost (amateur DrMo)
  3252 | D:4      | Reached skill level 5 in Fighting
  3252 | D:4      | Reached skill level 5 in Spellcasting
  3252 | D:4      | Reached skill level 5 in Conjurations
  3252 | D:4      | Reached skill level 5 in Hexes
  3252 | D:4      | Reached skill level 5 in Summonings
  3252 | D:4      | Reached skill level 5 in Necromancy
  3252 | D:4      | Reached skill level 5 in Translocations
  3252 | D:4      | Reached skill level 5 in Fire Magic
  3252 | D:4      | Reached skill level 5 in Ice Magic
  3252 | D:4      | Reached skill level 5 in Air Magic
  3252 | D:4      | Reached skill level 5 in Earth Magic
  3252 | D:4      | Reached skill level 5 in Alchemy
  3681 | D:5      | Entered Level 5 of the Dungeon
  3716 | D:5      | Identified the +0 leather armour of the Haunted God
                  | {Rampage rC+ Will+}
  3746 | D:5      | HP: 2/54 [water moccasin zombie (6)]
  3773 | D:5      | Slain by a water moccasin zombie

Vanquished Creatures
  A black bear (D:4)
  2 phantoms
  A water moccasin zombie (D:5)
  3 iguanas
  12 adders
  A gnoll (D:1)
  2 ufetubi (D:5)
  2 dart slugs (D:1)
  5 orcs
  9 ball pythons
  8 endoplasms
  5 giant cockroaches
  7 goblins
  7 hobgoblins
  8 jackals
  A quokka (D:2)
  5 bats
  3 frilled lizards
  12 kobolds
  5 rats
99 creatures vanquished.

Vanquished Creatures (others)
  528 foxfires
528 creatures vanquished.

Grand Total: 627 creatures vanquished

Table legend: (Time is in decaauts)
 A = Elapsed time spent in this place.
 B = Non-inter-level travel time spent in this place.
 C = Inter-level travel time spent in this place.
 D = Time resting spent in this place.
 E = Time spent auto-exploring this place.
 F = Levels seen in this place.
 G = Mean time per level.
                   A        B        C        D        E       F      G
               +--------+--------+--------+--------+--------+-----+--------+
         Total |   3772 |   3627 |    145 |      0 |   3066 |   5 |  754.4 |
       Dungeon |   3772 |   3627 |    145 |      0 |   3066 |   5 |  754.4 |
               +--------+--------+--------+--------+--------+-----+--------+

Top non-repeatable levels by time:
     D:1: 1125 daAuts
     D:2: 985 daAuts
     D:3: 966 daAuts
     D:4: 602 daAuts
     D:5: 91 daAuts

Table legend:
 A = Non-vault XP
 B = Vault XP
 C = Vault XP percentage of total XP
 D = Non-vault monster count
 E = Vault monster count
 F = Vault count percentage of total count
                 A         B        C        D         E       F
            +---------+---------+-------+---------+---------+-------
      Total |     832 |     131 |  13.6 |      92 |       7 |   7.1
            +---------+---------+-------+---------+---------+-------
        D:1 |     104 |       8 |   7.1 |      32 |       3 |   8.6
        D:2 |     201 |       0 |   0.0 |      23 |       0 |   0.0
        D:3 |     170 |      43 |  20.2 |      16 |       3 |  15.8
        D:4 |     274 |       0 |   0.0 |      16 |       0 |   0.0
        D:5 |      83 |      80 |  49.1 |       5 |       1 |  16.7
            +---------+---------+-------+---------+---------+-------
